 Dungeon Crawl Stone Soup version 0.19-a0-642-g6dcb0f0 (webtiles) character file.

74 Magifyre the Conjurer (level 4, -2/24 HPs)
             Began as a Deep Elf Fire Elementalist on June 13, 2016.
             Slain by a goblin
             ... wielding a +0 club
             ... led by Robin
              (4 damage)
             ... on level 2 of the Dungeon.
             The game lasted 00:11:00 (2497 turns).

Magifyre the Conjurer (Deep Elf Fire Elementalist)  Turns: 2497, Time: 00:11:01

Health: -2/24      AC:  2    Str:  5    XL:     4   Next: 10%
Magic:  10/10      EV:  8    Int: 21    God:
Gold:   112        SH:  0    Dex: 15    Spells: 3 memorised, 3 levels left

rFire  . . .     SeeInvis .     i - +4 short sword
rCold  . . .     Gourm    .     a - +0 robe
rNeg   . . .     Faith    .     (no shield)
rPois  .         Spirit   .     (no helmet)
rElec  .         Dismiss  .     (no cloak)
rCorr  .         Reflect  .     (no gloves)
SustAt .         Harm     .     (no boots)
MR     .....                    (no amulet)
Stlth  ++........               (no ring)
                                (no ring)

@: not resistant to hostile enchantments, unstealthy
A: no striking features
a: no special abilities


You were on level 2 of the Dungeon.
You were not hungry.

You visited 1 branch of the dungeon, and saw 3 of its levels.

You collected 112 gold pieces.

Inventory:

Hand Weapons
 i - a +4 short sword (weapon)
Armour
 a - a +0 robe (worn)
Scrolls
 e - a scroll of identify {unknown}
 k - 2 scrolls of teleportation {unknown}
 l - a scroll of remove curse {unknown}
 m - a scroll of enchant weapon {unknown}
Potions
 f - a potion of agility {unknown}
 h - a potion of curing {unknown}
 j - a potion of resistance {unknown}
 n - a potion of haste {unknown}
 o - 2 potions of might {unknown}
Books
 b - a book of Flames

   Spells                             Type                      Level
   a - Flame Tongue                   Conjuration/Fire             1
   b - Throw Flame                    Conjuration/Fire             2
   c - Conjure Flame                  Conjuration/Fire             3
   d - Inner Flame                    Hexes/Fire                   3
   e - Sticky Flame                   Conjuration/Fire             4
   f - Fireball                       Conjuration/Fire             5
Comestibles
 c - a bread ration
 g - 2 meat rations


   Skills:
 - Level 2.4 Dodging
 - Level 2.4 Stealth
 - Level 3.0 Spellcasting
 * Level 4.4 Conjurations
 - Level 3.2 Fire Magic


You had 3 spell levels left.
You knew the following spells:

 Your Spells              Type           Power        Failure   Level  Hunger
a - Flame Tongue          Conj/Fire      ###..        2%          1    None
b - Throw Flame           Conj/Fire      ###...       4%          2    ##.....
c - Conjure Flame         Conj/Fire      ###.....     10%         3    ###....


Dungeon Overview and Level Annotations

Branches:
Dungeon (3/15)

Altars:
Pakellas

Annotations:
D:2 Robin


Message History

There is a stone staircase leading down here.
Eating a chunk of flesh.
This raw flesh tastes terrible.
There is a stone staircase leading down here.
You continue eating. x2
You climb downwards.
Level annotation: Robin The goblin shouts!
The kobold shouts!
The goblin barely misses you. The hobgoblin hits you with a club.
Robin barely misses you. The goblin hits you.
A rat comes into view.
There is a stone staircase leading up, spattered with blood here.
The goblin barely misses you. The hobgoblin hits you with a club.
The goblin barely misses you. Robin closely misses you.
The hobgoblin hits you but does no damage.
The goblin barely misses you. The kobold hits you with a club.
* * * LOW HITPOINT WARNING * * *
You climb upwards.
There is a stone staircase leading down here.
The goblin hits you with a club.
You die...

#### #.....# #............##...
...## #.....## ##.....#.#.#....#.
##..###...)..###......#..........
##..........)...####.....#.#####
#####.....##...####..####.# ##
#.......#........###..####.
#.....#......)...#...##....
#####....#gg..#....####....
###########....g@K..#...#####....
.............#.##g.........##....
..........##....#gg.........#....
..........###....................
..........# ##...................
..........# #................##.
..[.......# #................##.
########### #.##..#.......##.##.
######.###.##............


You could see Robin, 2 hobgoblins, 3 goblins and a kobold.

Vanquished Creatures
  An ooze (D:2)
  2 worms (D:2)
  5 dart slugs
  2 giant geckos (D:2)
  An orc (D:2)
  10 bats
  5 goblins
  8 hobgoblins
  11 kobolds
  4 giant newts
  A rat (D:1)
50 creatures vanquished.

Vanquished Creatures (others)
  A yak (D:2)
1 creature vanquished.

Grand Total: 51 creatures vanquished

Notes
Turn   | Place    | Note
--------------------------------------------------------------
     0 | D:1      | Magifyre the Deep Elf Fire Elementalist began the quest for the Orb.
     0 | D:1      | Reached XP level 1. HP: 10/10 MP: 6/6
    74 | D:1      | Reached skill level 2 in Conjurations
   257 | D:1      | Reached XP level 2. HP: 10/15 MP: 2/8
   661 | D:1      | Learned a level 2 spell: Throw Flame
   811 | D:1      | Reached skill level 3 in Conjurations
   826 | D:1      | Reached XP level 3. HP: 19/19 MP: 0/9
  1428 | D:2      | Found an oddly glowing altar of Pakellas.
  1428 | D:2      | Noticed a yak
  1439 | D:2      | Killed a yak
  1439 | D:2      | Noticed a primal shockweird beast
  1696 | D:2      | Reached skill level 4 in Conjurations
  2002 | D:2      | Learned a level 3 spell: Conjure Flame
  2116 | D:2      | Reached XP level 4. HP: 24/24 MP: 3/10
  2325 | D:3      | Noticed Robin
  2497 | D:2      | Slain by a goblin

Vault maps used:
D:1:      sevenhm_arrival_forest_fort_small_6, minmay_misc_feat_hallway
D:2:      gammafunk_pakellas_its_alive
D:3:      nicolae_qazlal_general_emergency, lemuel_coloured_pillars_altar,
          uniq_robin

Skill      XL: |  1  2  3 |
---------------+----------+-----
Conjurations   | 2 3 4 |  4.4
Dodging        | |  2.4
Stealth        | |  2.4
Spellcasting   | |  3.0
Fire Magic     | |  3.2

Action                   |  1- 3 |  4- 6 || total
-------------------------+-------+-------++-------
Melee: Short sword       |    10 |     2 ||    12
 Cast: Flame Tongue      |    35 |     5 ||    40
       Throw Flame       |    41 |     6 ||    47
  Eat: Chunk             |     5 |     2 ||     7
Armor: Robe              |     5 |       ||     5
Dodge: Dodged            |    15 |    10 ||    25
